 Dungeon Crawl Stone Soup version 0.25-a0-1024-gbfbf38f2cb (webtiles) character file.

Game seed: 9551572110331932620, levelgen mode: deterministic

2950 Flugslaktarn the Cleaver (level 9, -3/63 HPs)
             Began as an Octopode Fighter on May 12, 2020.
             Slain by a human
             ... wielding a +0 hand axe
              (4 damage)
             ... on level 6 of the Dungeon.
             The game lasted 00:04:12 (8454 turns).

Flugslaktarn the Cleaver (Octopode Fighter)         Turns: 8454, Time: 00:04:13

Health: -3/63      AC:  1    Str: 15    XL:     9   Next: 81%
Magic:  9/9        EV: 17    Int: 10    God:
Gold:   162        SH: 12    Dex: 22    Spells: 8/8 levels left

rFire    . . .     SeeInvis .   k - +3 hand axe
rCold    . . .     Gourm    .   b - +1 kite shield
rNeg     . . .     Faith    .   (helmet restricted)
rPois    +         Spirit   .   (no amulet)
rElec    .         Reflect  .   o - ring of poison resistance
rCorr    .         Harm     .   g - +3 ring of dexterity
MR       .....                  y - +4 ring of dexterity
Stlth    +++.......             (no ring)
HPRegen  0.20/turn              (no ring)
MPRegen  0.11/turn              (no ring)
                                (no ring)
                                (no ring)

@: no status effects
A: almost no armour, stealthy swim, amphibious, 8 rings, constrict 8, camouflage
1, gelatinous body 1
a: no special abilities


You were on level 6 of the Dungeon.
You were hungry.

You visited 1 branch of the dungeon, and saw 7 of its levels.

You collected 382 gold pieces.
You spent 220 gold pieces at shops.

Inventory:

Hand Weapons
 a - a +0 war axe
 k - a +3 hand axe (weapon)
   (You took it off an orc on level 4 of the Dungeon)
Armour
 b - a +1 kite shield (worn)
Jewellery
 g - a +3 ring of dexterity (right tentacle)
   (You found it on level 3 of the Dungeon)
 l - an uncursed amulet of guardian spirit {unknown}
   (You found it on level 5 of the Dungeon)
 o - a ring of poison resistance (left tentacle)
   (You bought it in a shop on level 5 of the Dungeon)
 v - a cursed ring of attention {unknown}
   (You found it on level 6 of the Dungeon)
 y - a +4 ring of dexterity (on tentacle)
   (You found it on level 6 of the Dungeon)
Scrolls
 i - a scroll of amnesia {unknown}
 j - a scroll of enchant weapon {unknown}
 n - 2 scrolls of random uselessness {unknown}
 p - a scroll of fear
 r - 7 scrolls of identify
 u - a scroll of immolation {unknown}
 x - 4 scrolls of remove curse
Potions
 c - a potion of ambrosia {unknown}
 d - a potion of might
 f - 3 potions of flight
 h - 4 potions of haste
 m - a potion of berserk rage {unknown}
 q - 3 potions of curing
 s - 2 potions of magic {unknown}
 w - 2 potions of heal wounds
 z - a potion of lignification {unknown}
 A - a potion of mutation {unknown}
Comestibles
 e - 13 rations


   Skills:
 + Level 6.6 Fighting
 * Level 8.6 Axes
 + Level 6.6 Dodging
 + Level 6.6 Shields


You had 8 spell levels left.
You didn't know any spells.
Your spell library was empty.

Dungeon Overview and Level Annotations

Branches:
Dungeon (7/15)
 Temple: D:4-7

Altars:
Dithmenos
Ru
Sif Muna
Trog
Uskayaw
Xom
The Shining One
Beogh

Shops:
D:5 =!=

Annotations:
D:5 3 runed translucent doors, ra1n577's ghost, novice HOFi


Innate Abilities, Weirdness & Mutations

You cannot wear most types of armour.
You are very stealthy in the water. (Stealth+)
You are amphibious.
You can wear up to eight rings at the same time.
You can use your tentacles to constrict eight enemies at once.
Your skin changes colour to match your surroundings (Stealth+).
Your rubbery body absorbs attacks. (AC +1, EV +1)


Message History

Unknown command.
Unknown command.
Unknown command.
Unknown command.
Unknown command.
Unknown command.
Unknown command.
Unknown command.
You hit the human. You grab the human. You squeeze the human.
The human is moderately wounded.
You constrict the human. The human hits you with a +0 hand axe!
* * * LOW HITPOINT WARNING * * *
You hit the human. You squeeze the human!
The human is severely wounded.
You constrict the human. The human hits you with a +0 hand axe!
* * * LOW HITPOINT WARNING * * *
You hit the human.
The human is almost dead.
You constrict the human. The human hits you with a +0 hand axe.
You die...

#......## ###....## ##
#.......## ###### #.
#........### ## #..........##
# #........<..## ####
#............# ###..##
#............# ##.....##
#...........## #........
##.##...@...# ##........
#.####.p...# #......... #..#
###..## #.<....... #..# ####
##.........
###..###########..........
##.........................
###......###+######.........(
#........#≈≈.≈≈####......((.#
###.......#≈♣.♣≈#..........###


You could see a human.

Vanquished Creatures
  Grinder (D:5)
  Sigmund (D:2)
  3 hogs (D:7)
  Menkaure (D:5)
  Edmund (D:5)
  2 orc warriors (D:6)
  A sky beast (D:7)
  An ice beast (D:6)
  2 ogres (D:6)
  A phantom (D:6)
  2 centaurs
  Blork the orc (D:4)
  A scorpion (D:4)
  4 wights
  A howler monkey (D:6)
  A bullfrog zombie (D:5)
  2 hounds (D:6)
  A jelly (D:6)
  An orc priest (D:6)
  2 centaur skeletons
  9 orc wizards
  Crazy Yiuf (D:2)
  2 worker ants
  Robin (D:4)
  8 gnolls
  8 adders
  An ooze (D:4)
  2 adder skeletons
  6 worms
  A dart slug (D:3)
  3 leopard geckos
  16 orcs
  2 ball pythons
  6 giant cockroaches
  14 goblins
  8 hobgoblins
  12 jackals
  3 quokkas
  5 bats
  4 frilled lizards
  A jackal skeleton (D:4)
  A jackal zombie (D:5)
  9 kobolds
  A quokka zombie (D:5)
  6 rats
160 creatures vanquished.

Notes
Turn   | Place    | Note
-------+----------+-------------------------------------------
     0 | D:1      | Flugslaktarn the Octopode Fighter began the quest for the
                  | Orb.
     0 | D:1      | Reached XP level 1. HP: 16/16 MP: 1/1
   151 | D:1      | Reached XP level 2. HP: 16/21 MP: 2/2
   431 | D:1      | Reached XP level 3. HP: 26/26 MP: 3/3
  1489 | D:2      | Reached skill level 3 in Axes
  1489 | D:2      | Reached XP level 4. HP: 24/31 MP: 4/4
  1657 | D:2      | Found a runed translucent door.
  1658 | D:2      | Noticed Crazy Yiuf
  2036 | D:2      | Noticed Sigmund
  2040 | D:2      | Reached XP level 5. HP: 35/37 MP: 5/5
  2050 | D:2      | HP: 1/37 [Sigmund/+0 scythe (14)]
  2051 | D:2      | Killed Sigmund
  2051 | D:2      | Reached skill level 4 in Axes
  2051 | D:2      | Reached XP level 6. HP: 2/43 MP: 6/6
  2441 | D:2      | Killed Crazy Yiuf
  2915 | D:3      | Found a bloodstained altar of Trog.
  3005 | D:3      | Found a shadowy altar of Dithmenos.
  3702 | D:4      | Found a hide-covered altar of Uskayaw.
  3766 | D:4      | Found a shimmering blue altar of Sif Muna.
  3865 | D:4      | Reached XP level 7. HP: 31/49 MP: 7/7
  3917 | D:4      | Noticed Robin
  3920 | D:4      | Reached skill level 5 in Axes
  3930 | D:4      | Killed Robin
  3950 | D:4      | Noticed Blork the orc
  3956 | D:4      | Killed Blork the orc
  4442 | D:4      | Found a bloodstained altar of Trog.
  4591 | D:5      | Entered Level 5 of the Dungeon
  4594 | D:5      | Noticed Menkaure
  4595 | D:5      | Found Nohuut's Distillery.
  4596 | D:5      | Found Evouh's Jewellery Shoppe.
  4675 | D:5      | Killed Menkaure
  4681 | D:5      | Bought an uncursed ring of poison resistance for 220 gold
                  | pieces
  4902 | D:5      | Noticed Edmund
  4910 | D:5      | Reached XP level 8. HP: 40/54 MP: 8/8
  4921 | D:5      | Killed Edmund
  4921 | D:5      | Reached skill level 5 in Fighting
  4921 | D:5      | Reached skill level 6 in Axes
  4921 | D:5      | Reached skill level 5 in Dodging
  4921 | D:5      | Reached skill level 5 in Shields
  5147 | D:5      | Found a sacrificial altar of Ru.
  5284 | D:5      | Found a glowing golden altar of the Shining One.
  5376 | D:5      | Found Orrovufy's Jewellery Shop.
  5441 | D:5      | Noticed Grinder
  5452 | D:5      | Paralysed by Grinder for 7 turns
  5459 | D:5      | Killed Grinder
  5915 | D:5      | Found a runed translucent gate.
  5916 | D:5      | Found a runed translucent gate.
  5916 | D:5      | Identified the +4 dagger of Malaise {vorpal, *Rage Str+5
                  | Int+4}
  5917 | D:5      | Found a runed translucent gate.
  5918 | D:5      | Noticed ra1n577's ghost (novice HOFi)
  5923 | D:5      | Found a roughly hewn altar of Beogh.
  6126 | D:6      | Found a shimmering altar of Xom.
  6325 | D:6      | Reached skill level 7 in Axes
  6559 | D:6      | Reached XP level 9. HP: 58/62 MP: 9/9
  7574 | D:6      | Reached skill level 8 in Axes
  8453 | D:6      | HP: 1/63 [human/+0 hand axe (8)]
  8454 | D:6      | Slain by a human

Illustrated notes

Levels and vault maps discovered:
D:1:      psy_arrival_radial02, layout_basic, st_stairs_1
D:2:      layout_basic, uniq_sigmund, uniq_crazy_yiuf_cottage
D:3:      layout_loops_corners, overflow_temple_1_default,
          trog_three_pillars_becter
D:4:      layout_loops_ring, overflow_temple_1_default,
          eat_drink_and_be_merry_uskayaw, marbit_many_paths,
          minmay_increasing_density, uniq_blork_the_orc, uniq_robin
D:5:      layout_basic, kennysheep_mini_moat, nicolae_ru_path_of_blood,
          first_ration, serial_shops, shop, nicolae_shop_crystal, shop,
          biasface_ghost_orc_armoury, uniq_grinder, uniq_menkaure, uniq_edmund
D:6:      layout_cave_pods, kennysheep_little_box
D:7:      layout_rooms, nemelex_altar_shiori,
          minmay_temple_entry_enclosed_plants, grunt_livestock

Skill      XL: |  1  2  3  4  5  6  7  8  9 |
---------------+----------------------------+-----
Axes           | 3 4 5 7 8 |  8.6
Fighting       | 4 5 6 |  6.6
Dodging        | 4 5 6 |  6.6
Shields        | 4 5 6 |  6.6

Action                   |  1- 3 |  4- 6 |  7- 9 || total
-------------------------+-------+-------+-------++-------
Melee: War axe           |    71 |    66 |       ||   137
       Constrict         |    21 |    26 |    58 ||   105
       Tentacles         |    12 |    19 |    76 ||   107
       Hand axe          |       |    15 |   241 ||   256
  Use: Scroll            |       |     9 |     1 ||    10
       Potion            |       |       |     4 ||     4
 Stab: Sleeping          |     8 |     5 |     6 ||    19
       Distracted        |     1 |       |     1 ||     2
  Eat: Chunk             |     2 |     4 |     7 ||    13
       Ration            |       |     1 |     2 ||     3
Armor: Skin              |    11 |     4 |     3 ||    18
Dodge: Dodged            |    28 |    27 |    99 ||   154
Block: Kite shield       |    29 |    32 |   129 ||   190

Table legend:
 A = Non-vault XP
 B = Vault XP
 C = Vault XP percentage of total XP
 D = Non-vault monster count
 E = Vault monster count
 F = Vault count percentage of total count
                 A         B        C        D         E       F
            +---------+---------+-------+---------+---------+-------
      Total |    2471 |    1744 |  41.4 |     135 |      25 |  15.6
            +---------+---------+-------+---------+---------+-------
        D:1 |      46 |       4 |   8.0 |      27 |       2 |   6.9
        D:2 |     129 |     259 |  66.8 |      28 |       2 |   6.7
        D:3 |      40 |       0 |   0.0 |      11 |       0 |   0.0
        D:4 |     187 |     278 |  59.8 |      19 |      15 |  44.1
        D:5 |     462 |     626 |  57.5 |      16 |       3 |  15.8
        D:6 |    1474 |       0 |   0.0 |      33 |       0 |   0.0
        D:7 |     133 |     577 |  81.3 |       1 |       3 |  75.0
            +---------+---------+-------+---------+---------+-------
